 Dungeon Crawl Stone Soup version 0.31-a0-1309-gbf3fed316f (webtiles) character file.

Game seed: 12551866219569370953

199 GordonOverkill the Sneak (level 5, -2/28 HPs)
             Began as a Spriggan Delver on Dec 20, 2023.
             Slain by a sleepcap (10 damage)
             ... on level 5 of the Dungeon.
             The game lasted 00:13:31 (4622 turns).

GordonOverkill the Sneak (Spriggan Delver)          Turns: 4622, Time: 00:13:31

Health: -2/28      AC:  5    Str:  8    XL:     5   Next: 48%
Magic:  10/10      EV:  4    Int: 13    God:
Gold:   238        SH:  0    Dex: 17    Spells: 10/10 levels left

rFire   . . .        k - +0 dagger
rCold   . . .        (no shield)
rNeg    . . .        a - +0 robe
rPois   .            (helmet restricted)
rElec   .            y - +2 cloak
rCorr   .            (gloves unavailable)
SInv    +            (boots unavailable)
Will    .....        (no amulet)
Stlth   ++++         (no ring)
HPRegen 0.24/turn    (no ring)
MPRegen 0.12/turn

%: no passive effects
@: sleeping, very quick
A: very small, no large weapons, unfitting armour, see invisible, speed 3
a: no special abilities


You were on level 5 of the Dungeon.
You visited 1 branch of the dungeon, and saw 7 of its levels.

You collected 378 gold pieces.
You spent 140 gold pieces at shops.

Inventory:

Hand Weapons
 k - a +0 dagger (weapon)
Missiles
 d - 2 boomerangs (quivered)
Armour
 a - a +0 robe (worn)
 y - a +2 cloak (worn)
Wands
 f - a wand of digging (2)
 A - a wand of polymorph (12)
Scrolls
 b - a scroll of fog
 c - a scroll of revelation
 g - 3 scrolls of identify {unknown}
 j - 2 scrolls of teleportation {unknown}
 l - a scroll of enchant armour {unknown}
 n - 2 scrolls of amnesia {unknown}
 p - 2 scrolls of blinking {unknown}
 u - a scroll of noise {unknown}
 v - a scroll of enchant weapon {unknown}
Potions
 e - a potion of haste
 h - a potion of degeneration {unknown}
 i - a potion of brilliance
 m - 2 potions of mutation {unknown}
 o - 2 potions of cancellation {unknown}
 q - 3 potions of curing
 r - a potion of heal wounds
 s - 2 potions of might
 t - a potion of attraction {unknown}
 x - a potion of enlightenment {unknown}
 z - a potion of magic {unknown}


   Skills:
 - Level 3.0 Fighting
 - Level 2.6 Dodging
 - Level 7.2 Stealth
 - Level 1.5 Unarmed Combat
 - Level 3.0 Spellcasting
 - Level 3.0 Air Magic
 + Level 2.8 Evocations


You had 10 spell levels left.
You didn't know any spells.
Your spell library contained the following spells:

 Spells                   Type           Power      Damage    Failure   Level
 Necrotise                Necr           4%         1d4       22%         1
 Cigotuvi's Dreadful Rot  Necr/Pois/Air  8%         N/A       22%         2
 Ignite Poison            Fire/Tmut/Pois 1%         N/A       56%         3
 Vampiric Draining        Necr           1%         2d6       56%         3
 Agony                    Necr           1%         N/A       99%         5
 Freezing Cloud           Conj/Ice/Air   2%         6-21      99%         5


Dungeon Overview and Level Annotations

Branches:
Dungeon (7/15)
 Temple: D:4-7

Altars:
Hepliaklqana
Nemelex Xobeh
Trog

Shops:
D:2 !*   D:3 [

Annotations:
D:2 Jessica
D:3 Natasha, Sigmund
D:5 exclusion: orc


Innate Abilities, Weirdness & Mutations

You are very small and have problems with some larger weapons.
You are too small for most types of armour.
You have supernaturally acute eyesight. (SInv)
You cover ground extremely quickly. (Speed+++)


Message History

You hit the sleepcap.
The sleepcap is severely damaged.
The sleepcap releases spores at you.
You hit the sleepcap but do no damage.
The sleepcap is severely damaged.
The sleepcap completely misses you.
You hit the sleepcap.
The sleepcap is almost destroyed.
The sleepcap releases spores at you.
You hit the sleepcap but do no damage.
The sleepcap is almost destroyed.
The sleepcap releases spores at you.
* * * LOW HITPOINT WARNING * * *
You hit the sleepcap.
The sleepcap is almost destroyed.
The sleepcap completely misses you.
You hit the sleepcap.
The sleepcap is almost destroyed.
The sleepcap misses you.
You hit the sleepcap but do no damage.
The sleepcap is almost destroyed.
The sleepcap releases spores at you!
* * * LOW HITPOINT WARNING * * *
You hit the sleepcap but do no damage.
The sleepcap is almost destroyed.
The sleepcap completely misses you.
You hit the sleepcap but do no damage.
The sleepcap is almost destroyed.
The sleepcap misses you.
You hit the sleepcap but do no damage.
The sleepcap is almost destroyed.
The sleepcap completely misses you.
You hit the sleepcap but do no damage.
The sleepcap is almost destroyed.
The sleepcap releases spores at you.
* * * LOW HITPOINT WARNING * * *
You are engulfed in a cloud of soporific spores!
You fall asleep.
The sleepcap releases spores at you!
You die...

#####....(#...#...#<...# #..#
....####'###..#...#....# #..#
...........#..'...#....# #..#
...........#..#...#....# #..#
...........'..#...#....# #..#
...........#..###+###+#######'##
...........#..##...............#
####.......#...#f..............#
...#.......#...#@..............#
...#.......#+###...............#
...#.............####+######'###
...#.............#....#...'...#
...#.............'....#...#...#
...#.............#.##.##'###..#
...#.......#######.##.##.####'#
...#.......#.............#....#
...'.......#.............'....#


You could see a sleepcap.

Vanquished Creatures
  An iguana (D:4)
  An orc wizard (D:4)
  Natasha (twice) (D:3)
  4 adders
  A dart slug (D:3)
  7 orcs
  5 ball pythons
  2 bats
  5 endoplasms
  3 giant cockroaches
  6 goblins
  5 hobgoblins
  2 quokkas (D:4)
  2 frilled lizards
  4 kobolds
  5 rats
55 creatures vanquished.

Notes
Turn   | Place    | Note
-------+----------+-------------------------------------------
     0 | D:5      | GordonOverkill the Spriggan Delver began the quest for the
                  | Orb.
     0 | D:5      | Reached XP level 1. HP: 11/11 MP: 2/2
   123 | D:5      | Noticed a centaur
   343 | D:5      | Noticed a sleepcap
   538 | D:3      | Noticed Sigmund
   565 | D:3      | Noticed Natasha
   710 | D:3      | Found Pereinysk's Antique Armour Boutique.
   811 | D:1      | Reached XP level 2. HP: 16/16 MP: 3/3
  1059 | D:2      | Reached skill level 1 in Spellcasting
  1158 | D:2      | Noticed Jessica
  1887 | D:2      | Found Cuprets's Assorted Antiques.
  1890 | D:2      | Bought a sapphire potion for 20 gold pieces
  1994 | D:2      | Found Sefegafru's Distillery.
  1998 | D:2      | Bought a potion of curing for 30 gold pieces
  1998 | D:2      | Bought a potion of heal wounds for 50 gold pieces
  1998 | D:2      | Bought a potion of might for 40 gold pieces
  2443 | D:3      | Found a sparkling altar of Nemelex Xobeh.
  2533 | D:3      | Reached XP level 3. HP: 20/20 MP: 7/7
  2681 | D:3      | Killed Natasha
  2784 | D:3      | Reached skill level 1 in Air Magic
  2817 | D:3      | Noticed Natasha
  2825 | D:3      | Killed Natasha
  2826 | D:3      | Reached XP level 4. HP: 24/24 MP: 9/9
  3273 | D:4      | Found a bloodstained altar of Trog.
  3305 | D:4      | Reached skill level 1 in Evocations
  3322 | D:4      | Reached XP level 5. HP: 28/28 MP: 10/10
  3356 | D:4      | Found a hazy altar of Hepliaklqana.
  3831 | D:3      | Noticed Natasha
  3872 | D:3      | Natasha changed into Natasha the killer bee
  3872 | D:3      | Noticed Natasha
  4622 | D:5      | Slain by a sleepcap

Illustrated notes

Levels and vault maps discovered:
D:1:      matt_arrival_spirals, layout_loops_ring
D:2:      layout_basic, serial_shops, shop, shop,
          nicolae_shop_bloodbath_and_beyond, minmay_box_of_dots, uniq_jessica
D:3:      layout_basic, lemuel_coloured_pillars_altar, serial_shops, shop,
          dreamdust_wishing_well, kennysheep_generic_room_14, uniq_natasha,
          uniq_sigmund
D:4:      layout_layer_cave, mainiacjoe_overflow_boulevard,
          overflow_temple_1_default, minmay_goblin_kobold_house
D:5:      layout_gridville
D:6:      layout_cave_pods, mainiacjoe_overflow_cross_hatched,
          minmay_temple_entry_mist
D:7:      layout_loops_ring, uniq_jeremiah

Skill      XL: |  1  2  3  4  5 |
---------------+----------------+-----
Fighting       | 3 |  3.0
Spellcasting   | 2 3 |  3.0
Air Magic      | 2 3 |  3.0
Evocations     | 1 2 |  2.8
Dodging        | |  2.6
Stealth        | |  7.2
Unarmed Combat | |  1.5

Action                     |  1- 3 |  4- 6 || total
---------------------------+-------+-------++-------
  Melee: Unarmed           |    40 |       ||    40
         Punch             |     3 |     1 ||     4
         Dagger            |    79 |   131 ||   210
  Evoke: Wand              |     5 |    10 ||    15
    Use: Potion            |     1 |       ||     1
         Scroll            |       |     1 ||     1
   Stab: Sleeping          |    12 |     8 ||    20
         Distracted        |     1 |       ||     1
 Armour: Robe              |    40 |    50 ||    90
  Dodge: Dodged            |    85 |    91 ||   176

Table legend: (Time is in decaauts)
 A = Elapsed time spent in this place.
 B = Non-inter-level travel time spent in this place.
 C = Inter-level travel time spent in this place.
 D = Time resting spent in this place.
 E = Time spent auto-exploring this place.
 F = Levels seen in this place.
 G = Mean time per level.
                   A        B        C        D        E       F      G
               +--------+--------+--------+--------+--------+-----+--------+
         Total |   3096 |   2917 |    179 |    334 |   1350 |   7 |  442.3 |
       Dungeon |   3096 |   2917 |    179 |    334 |   1350 |   7 |  442.3 |
               +--------+--------+--------+--------+--------+-----+--------+

Top non-repeatable levels by time:
     D:4: 963 daAuts
     D:3: 692 daAuts
     D:2: 600 daAuts
     D:1: 495 daAuts
     D:5: 300 daAuts
     D:6: 41 daAuts
     D:7: 1 daAuts
